TOP OF THE 1ST |
---|
Virginia Cavaliers batting - Pitching for Wake Forest Demon Deacons : RHP Jamie Bonner | Pitching: RHP Jamie Bonner | | Batting: LHB Andrés Méndez | 0-0: Swinging Strike 0-1: Ball 1-1: Fly out, F6 (Popup, 6) | Batting: LHB Randy Pérez | 0-0: Ball 1-0: Called Strike 1-1: Swinging Strike 1-2: Reached on error, E7 (Flyball, 78M) | Batting: LHB Jack Davis | 0-0: Foul Ball, location: 2F 0-1: Fly out, F7 (Flyball, 7D) | Batting: LHB António Machado | 0-0: Ball 1-0: Swinging Strike 1-1: Ball 2-1: Ground out 4-3 (Groundball, 4) | Top of the 1st over - 0 runs, 0 hits, 1 error, 1 left on base; Virginia 0 - Wake Forest 0 | BOTTOM OF THE 1ST |
---|
Wake Forest Demon Deacons batting - Pitching for Virginia Cavaliers : RHP Chuck Sepúlveda | Pitching: RHP Chuck Sepúlveda | | Batting: RHB Tyler Robinson | 0-0: Ball 1-0: Ball 2-0: Ball 3-0: Called Strike 3-1: Ground out 5-3 (Groundball, 56S) | Batting: RHB Tim Guerrero | 0-0: Ball 1-0: Ball 2-0: Foul Ball, location: 2F 2-1: Ball 3-1: Swinging Strike 3-2: Base on Balls | Batting: RHB Jack Hogan | 0-0: Ball 1-0: Ball 2-0: Called Strike 2-1: Foul Ball, location: 2F 2-2: Strikes out looking | Batting: LHB Gregory Pérez | 0-0: Called Strike 0-1: Swinging Strike 0-2: Foul Ball, location: 2F 0-2: Strikes out swinging | Bottom of the 1st over - 0 runs, 0 hits, 0 errors, 1 left on base; Virginia 0 - Wake Forest 0 | TOP OF THE 2ND |
---|
Virginia Cavaliers batting - Pitching for Wake Forest Demon Deacons : RHP Jamie Bonner | Batting: RHB Anthony Scott | 0-0: Called Strike 0-1: Ball 1-1: Foul Ball, location: 2F 1-2: Ball 2-2: Ball 3-2: Foul Ball, location: 2F 3-2: Foul Ball, location: 2F 3-2: Base on Balls | Batting: SHB Ed Hall | 0-0: Ball 1-0: Ball 2-0: Called Strike 2-1: Swinging Strike 2-2: Ball 3-2: Foul Ball, location: 2F 3-2: Foul Ball, location: 2F 3-2: Strikes out swinging | Batting: RHB Nick Stephenson | 0-0: Called Strike 0-1: 2-RUN HOME RUN (Line Drive, 78XD), Distance : 377 ft | Batting: RHB Andrew Miller | 0-0: Ball 1-0: Swinging Strike 1-1: Ball 2-1: Ball 3-1: Foul Ball, location: 2F 3-2: Strikes out swinging | Batting: RHB Mark Greene | 0-0: Fly out, F7 (Flyball, 78M) | Top of the 2nd over - 2 runs, 1 hit, 0 errors, 0 left on base; Virginia 2 - Wake Forest 0 | BOTTOM OF THE 2ND |
---|
Wake Forest Demon Deacons batting - Pitching for Virginia Cavaliers : RHP Chuck Sepúlveda | Batting: LHB Don Harris | 0-0: Foul Ball, location: 2F 0-1: Foul Ball, location: 2F 0-2: Ball 1-2: Ball 2-2: Strikes out swinging | Batting: SHB Elvis Gonzáles | 0-0: Called Strike 0-1: Ball 1-1: Called Strike 1-2: Strikes out looking | Batting: RHB Terry Griffin | 0-0: Ground out 4-3 (Groundball, 4S) | Bottom of the 2nd over - 0 runs, 0 hits, 0 errors, 0 left on base; Virginia 2 - Wake Forest 0 | TOP OF THE 3RD |
---|
Virginia Cavaliers batting - Pitching for Wake Forest Demon Deacons : RHP Jamie Bonner | Batting: LHB Andrés Méndez | 0-0: Swinging Strike 0-1: Ball 1-1: Fly out, F6 (Popup, 6MS) | Batting: LHB Randy Pérez | 0-0: Called Strike 0-1: Ball 1-1: Ball 2-1: Fly out, F7 (Flyball, 7LSF) | Batting: LHB Jack Davis | 0-0: Ball 1-0: Swinging Strike 1-1: Swinging Strike 1-2: Ball 2-2: Foul Ball, location: 2F 2-2: Ball 3-2: Fly out, F7 (Flyball, 7) | Top of the 3rd over - 0 runs, 0 hits, 0 errors, 0 left on base; Virginia 2 - Wake Forest 0 | BOTTOM OF THE 3RD |
---|
Wake Forest Demon Deacons batting - Pitching for Virginia Cavaliers : RHP Chuck Sepúlveda | Batting: RHB Paul Turner | 0-0: Ball 1-0: SOLO HOME RUN (Flyball, 7LD), Distance : 325 ft | Batting: RHB William Hudson | 0-0: Ball 1-0: Ball 2-0: SINGLE (Groundball, 4MD) | Batting: RHB Tyler Robinson | 0-0: Ball 1-0: Swinging Strike 1-1: Foul Ball, location: 2F 1-2: Strikes out swinging | Batting: RHB Tim Guerrero | 0-0: Ball 1-0: Called Strike 1-1: Ball 2-1: Ground out 6-3 (Groundball, 6S) William Hudson to second | Batting: RHB Jack Hogan | 0-0: Called Strike 0-1: Swinging Strike 0-2: Ball 1-2: Strikes out swinging | Bottom of the 3rd over - 1 run, 2 hits, 0 errors, 1 left on base; Virginia 2 - Wake Forest 1 | TOP OF THE 4TH |
---|
Virginia Cavaliers batting - Pitching for Wake Forest Demon Deacons : RHP Jamie Bonner | Batting: LHB António Machado | 0-0: Ball 1-0: SINGLE (Line Drive, 3D) | Batting: RHB Anthony Scott | 0-0: Ball 1-0: Ball 2-0: Called Strike 2-1: Fly out, F8 (Flyball, 8LM) | Batting: SHB Ed Hall | 0-0: Fly out, F8 (Flyball, 8RD) | Batting: RHB Nick Stephenson | 0-0: Ball 1-0: Called Strike 1-1: Ball 2-1: Ball 3-1: Base on Balls António Machado to second | Batting: RHB Andrew Miller | 0-0: Called Strike 0-1: Ball 1-1: Foul Ball, location: 2F 1-2: Strikes out swinging | Top of the 4th over - 0 runs, 1 hit, 0 errors, 2 left on base; Virginia 2 - Wake Forest 1 | BOTTOM OF THE 4TH |
---|
Wake Forest Demon Deacons batting - Pitching for Virginia Cavaliers : RHP Chuck Sepúlveda | Batting: LHB Gregory Pérez | 0-0: Swinging Strike 0-1: Ground out 4-3 (Groundball, 4D) | Batting: LHB Don Harris | 0-0: Ball 1-0: Called Strike 1-1: Ground out 4-3 (Groundball, 4) | Batting: SHB Elvis Gonzáles | 0-0: DOUBLE (Line Drive, 7LS) | Batting: RHB Terry Griffin | 0-0: Ball 1-0: Swinging Strike 1-1: Ball 2-1: Foul Ball, location: 2F 2-2: Fly out, F6 (Line Drive, 6M) | Bottom of the 4th over - 0 runs, 1 hit, 0 errors, 1 left on base; Virginia 2 - Wake Forest 1 | TOP OF THE 5TH |
---|
Virginia Cavaliers batting - Pitching for Wake Forest Demon Deacons : RHP Jamie Bonner | Batting: RHB Mark Greene | 0-0: Foul Ball, location: 2F 0-1: Ground out 6-3 (Groundball, 56D) | Batting: LHB Andrés Méndez | 0-0: Ball 1-0: Ball 2-0: Ball 3-0: Called Strike 3-1: Called Strike 3-2: Base on Balls | Batting: LHB Randy Pérez | 0-0: Called Strike 0-1: Ball 1-1: Foul Ball, location: 2F 1-2: Ball 2-2: Ball 3-2: Foul Ball, location: 2F 3-2: Foul Ball, location: 2F 3-2: Base on Balls Andrés Méndez to second | Pitching: RHP Steve Crowe | | Batting: LHB Jack Davis | 0-0: Ball 1-0: Called Strike 1-1: Called Strike 1-2: Foul Ball, location: 2F 1-2: Strikes out looking | Batting: LHB António Machado | 0-0: Ball 1-0: SINGLE (Groundball, 4D) Andrés Méndez to third Randy Pérez to second Runner from 3rd tries for Home, SAFE, no throw | Batting: RHB Anthony Scott | 0-0: Ball 1-0: Ground out 6-3 (Groundball, 56) | Top of the 5th over - 1 run, 1 hit, 0 errors, 2 left on base; Virginia 3 - Wake Forest 1 | BOTTOM OF THE 5TH |
---|
Wake Forest Demon Deacons batting - Pitching for Virginia Cavaliers : RHP Chuck Sepúlveda | Batting: RHB Paul Turner | 0-0: Ball 1-0: Foul Ball, location: 2F 1-1: Ball 2-1: Called Strike 2-2: Foul Ball, location: 2F 2-2: Foul Ball, location: 2F 2-2: Strikes out swinging | Batting: RHB William Hudson | 0-0: Bunt for hit - play at first, batter OUT! 2-3 | Batting: RHB Tyler Robinson | 0-0: Ball 1-0: Ball 2-0: Ball 3-0: Called Strike 3-1: Base on Balls | Batting: RHB Tim Guerrero | 0-0: Ball Tyler Robinson is caught stealing 2nd base | Bottom of the 5th over - 0 runs, 0 hits, 0 errors, 0 left on base; Virginia 3 - Wake Forest 1 | TOP OF THE 6TH |
---|
Virginia Cavaliers batting - Pitching for Wake Forest Demon Deacons : RHP Steve Crowe | Batting: SHB Ed Hall | 0-0: Called Strike 0-1: Swinging Strike 0-2: Strikes out swinging | Batting: RHB Nick Stephenson | 0-0: Swinging Strike 0-1: SINGLE (Line Drive, 9S) | Batting: RHB Andrew Miller | 0-0: Ball 1-0: Foul Ball, location: 2F 1-1: Ball 2-1: Swinging Strike 2-2: Ball 3-2: Strikes out swinging | Batting: RHB Mark Greene | 0-0: Foul Ball, location: 2F 0-1: Swinging Strike 0-2: Foul Ball, location: 2F 0-2: Ball 1-2: Strikes out swinging | Top of the 6th over - 0 runs, 1 hit, 0 errors, 1 left on base; Virginia 3 - Wake Forest 1 | BOTTOM OF THE 6TH |
---|
Wake Forest Demon Deacons batting - Pitching for Virginia Cavaliers : RHP Chuck Sepúlveda | Batting: RHB Tim Guerrero | 0-0: Called Strike 0-1: Ball 1-1: Swinging Strike 1-2: Ball 2-2: Ball 3-2: Strikes out swinging | Batting: RHB Jack Hogan | 0-0: Called Strike 0-1: Fly out, F3 (Flyball, 34D) | Batting: LHB Gregory Pérez | 0-0: Called Strike 0-1: Fly out, F7 (Flyball, 78S) | Bottom of the 6th over - 0 runs, 0 hits, 0 errors, 0 left on base; Virginia 3 - Wake Forest 1 | TOP OF THE 7TH |
---|
Virginia Cavaliers batting - Pitching for Wake Forest Demon Deacons : RHP Steve Crowe | Batting: LHB Andrés Méndez | 0-0: SINGLE (Flyball, 9S) | Batting: LHB Randy Pérez | 0-0: Swinging Strike 0-1: Swinging Strike 0-2: Strikes out swinging | Batting: LHB Jack Davis | 0-0: Ball 1-0: Ball 2-0: Fly out, F8 (Line Drive, 8LD) | Batting: LHB António Machado | 0-0: Called Strike 0-1: Ground out 5-3 (Groundball, 56S) | Top of the 7th over - 0 runs, 1 hit, 0 errors, 1 left on base; Virginia 3 - Wake Forest 1 | BOTTOM OF THE 7TH |
---|
Wake Forest Demon Deacons batting - Pitching for Virginia Cavaliers : RHP Chuck Sepúlveda | Pitching: RHP Cameron Waddell | | Batting: LHB Don Harris | 0-0: Ball 1-0: Ground out 4-3 (Groundball, 4MS) | Batting: SHB Elvis Gonzáles | 0-0: Ball 1-0: Fly out, F5 (Popup, 56) | Batting: RHB Terry Griffin | 0-0: Ball 1-0: Ball 2-0: Called Strike 2-1: Ball 3-1: Foul Ball, location: 2F 3-2: Foul Ball, location: 2F 3-2: Base on Balls | Batting: RHB Paul Turner | 0-0: Called Strike Throwing error on steal attempt, E2 Terry Griffin to third 0-1: Ball 1-1: Swinging Strike 1-2: Ball 2-2: Foul Ball, location: 2F 2-2: Ball 3-2: Base on Balls | Pinch Hitting: RHB Mike Pope | 0-0: Called Strike 0-1: Ball 1-1: Foul Ball, location: 2F 1-2: Ball 2-2: Strikes out swinging | Bottom of the 7th over - 0 runs, 0 hits, 1 error, 2 left on base; Virginia 3 - Wake Forest 1 | TOP OF THE 8TH |
---|
Virginia Cavaliers batting - Pitching for Wake Forest Demon Deacons : RHP Steve Crowe | Now in LF: Mike Pope | | Batting: RHB Anthony Scott | 0-0: Foul Ball, location: 2F 0-1: Foul Ball, location: 2F 0-2: Foul Ball, location: 2F 0-2: Ball 1-2: Ball 2-2: Foul Ball, location: 2F 2-2: Fly out, F8 (Line Drive, 8RM) | Batting: SHB Ed Hall | 0-0: Ball 1-0: Ball 2-0: Ball 3-0: Base on Balls | Batting: RHB Nick Stephenson | 0-0: Foul Ball, location: 2F 0-1: Ball 1-1: Called Strike 1-2: Foul Ball, location: 2F 1-2: Strikes out looking | Batting: RHB Andrew Miller | 0-0: Ball 1-0: Called Strike 1-1: Ball 2-1: Foul Ball, location: 2F 2-2: Ball 3-2: Strikes out swinging | Top of the 8th over - 0 runs, 0 hits, 0 errors, 1 left on base; Virginia 3 - Wake Forest 1 | BOTTOM OF THE 8TH |
---|
Wake Forest Demon Deacons batting - Pitching for Virginia Cavaliers : RHP Cameron Waddell | Batting: RHB Tyler Robinson | 0-0: Called Strike 0-1: Swinging Strike 0-2: Ball 1-2: Foul Ball, location: 2F 1-2: Foul Ball, location: 2F 1-2: Strikes out swinging | Batting: RHB Tim Guerrero | 0-0: Called Strike 0-1: Swinging Strike 0-2: Foul Ball, location: 2F 0-2: Ball 1-2: Fly out, F5 (Line Drive, 5S) | Batting: RHB Jack Hogan | 0-0: Ball 1-0: SINGLE (Groundball, 6M) (infield hit) | Batting: LHB Gregory Pérez | 0-0: Called Strike 0-1: Ball 1-1: Ground out U3 (Groundball, 3S) | Bottom of the 8th over - 0 runs, 1 hit, 0 errors, 1 left on base; Virginia 3 - Wake Forest 1 | TOP OF THE 9TH |
---|
Virginia Cavaliers batting - Pitching for Wake Forest Demon Deacons : RHP Steve Crowe | Batting: RHB Mark Greene | 0-0: Called Strike 0-1: Ball 1-1: Foul Ball, location: 2F 1-2: Ball 2-2: Foul Ball, location: 2F 2-2: Fly out, F9 (Flyball, 9) | Batting: LHB Andrés Méndez | 0-0: Ground out U3 (Groundball, 3S) | Batting: LHB Randy Pérez | 0-0: Ball 1-0: SINGLE (Flyball, 78S) | Pitching: RHP Horacio Vásquez | | Batting: LHB Jack Davis | 0-0: Ball 1-0: Called Strike 1-1: Ball 2-1: Foul Ball, location: 2F 2-2: Foul Ball, location: 2F 2-2: Fielders Choice at 2nd, 6-4 (Groundball, 6) | Top of the 9th over - 0 runs, 1 hit, 0 errors, 1 left on base; Virginia 3 - Wake Forest 1 | BOTTOM OF THE 9TH |
---|
Wake Forest Demon Deacons batting - Pitching for Virginia Cavaliers : RHP Cameron Waddell | Now at SS: Scott Hughes | | Now in LF: Fletcher Richardson | | Batting: LHB Don Harris | 0-0: Swinging Strike 0-1: Ball 1-1: Called Strike 1-2: Hit by Pitch | Batting: SHB Elvis Gonzáles | 0-0: Swinging Strike 0-1: Called Strike 0-2: Ball 1-2: Strikes out swinging | Batting: RHB Terry Griffin | 0-0: Foul Ball, location: 2F 0-1: Ball 1-1: Foul Ball, location: 2F 1-2: Ball 2-2: Foul Ball, location: 2F 2-2: Fly out, F8 (Flyball, 8RM) | Pinch Hitting: RHB Héctor Solís | 0-0: Ball 1-0: Ball Wild Pitch! Don Harris to second 2-0: Called Strike 2-1: Ground out 6-3 (Groundball, 6) | Bottom of the 9th over - 0 runs, 0 hits, 0 errors, 1 left on base; Virginia 3 - Wake Forest 1 | |